 Dungeon Crawl Stone Soup version 0.30-a0-778-g2ef04afb54 (webtiles) character file.

Game seed: 2892415288451320999

2088 NotreDorf the Spear-Bearer (level 9, -1/68 (70) HPs)
             Began as a Merfolk Reaver on Feb 17, 2023.
             Was a Priest of Okawaru.
             Slain by a wight
             ... wielding a +4 battleaxe
              (5 damage)
             ... on level 10 of the Dungeon.
             The game lasted 00:26:52 (5971 turns).

NotreDorf the Spear-Bearer (Merfolk Reaver)         Turns: 5971, Time: 00:26:53

HP:   -1/68 (70)    AC:  7    Str: 22    XL:     9   Next: 27%
MP:   17/17         EV: 14    Int: 13    God:    Okawaru [***...]
Gold: 319           SH:  0    Dex: 12    Spells: 11/18 levels left

rFire   . . .      SeeInvis +    q - +4 glaive
rCold   . . .      Faith    +    (shield currently unavailable)
rNeg    . . .      Spirit   .    b - +0 leather armour
rPois   .          Reflect  .    G - +0 helmet
rElec   .          Harm     .    F - +0 cloak
rCorr   .          Rampage  .    r - +0 pair of gloves
Will    .....                    s - +0 pair of boots
Stlth   +                        d - amulet of faith
HPRegen 0.31/turn                n - ring of see invisible
MPRegen 0.15/turn                k - +6 ring of strength

@: lightly drained
A: (nimble swimmer 2), mertail
a: Renounce Religion, Heroism


You were on level 10 of the Dungeon.
You worshipped Okawaru.
Okawaru was most pleased with you.
You visited 2 branches of the dungeon, and saw 9 of its levels.

You collected 319 gold pieces.

Inventory:

Hand Weapons
 m - a +1 spear of venom
 q - a +4 glaive (weapon)
Missiles
 h - 9 poisoned darts (quivered)
Armour
 b - a +0 leather armour (worn)
 r - a +0 pair of gloves (worn)
 s - a +0 pair of boots (worn)
 F - a +0 cloak (worn)
 G - a +0 helmet (worn)
Jewellery
 d - an amulet of faith (around neck)
 e - a ring of wizardry
 k - a +6 ring of strength (right hand)
 n - a ring of see invisible (left hand)
 z - a ring of ice
Wands
 u - a wand of acid (9)
 A - a wand of flame (8)
Scrolls
 f - a scroll of noise {unknown}
 g - a scroll of enchant armour {unknown}
 i - a scroll of brand weapon {unknown}
 j - a scroll of amnesia
 t - 2 scrolls of teleportation
 x - a scroll of magic mapping
Potions
 a - 2 potions of ambrosia
 c - 2 potions of flight
 o - 3 potions of berserk rage
 p - 3 potions of curing
 v - 2 potions of might
 w - a potion of magic
 B - a potion of invisibility


   Skills:
 + Level 6.3 Fighting
 + Level 8.4 Polearms
 + Level 7.6 Dodging
 + Level 5.4 Spellcasting
 - Level 2.4 Conjurations
 + Level 1.6 Hexes
 + Level 2.6 Ice Magic
 + Level 2.7 Invocations


You had 11 spell levels left.
You knew the following spells:

 Your Spells              Type           Power      Damage    Failure   Level
a - Ensorcelled Hibernat  Hex/Ice        18%        N/A       13%         2
b - Blink                 Tloc           6%         N/A       30%         2
c - Hailstorm             Conj/Ice       10%        3d5       22%         3

Your spell library contained the following spells:

 Spells                   Type           Power      Damage    Failure   Level
 Kiss of Death            Conj/Necr      24%        2d7       13%         1
 Momentum Strike          Conj/Tloc      12%        3d8       19%         2
 Apportation              Tloc           6%         N/A       21%         1
 Necrotise                Necr           12%        1d4       21%         1
 Lesser Beckoning         Tloc           6%         N/A       30%         2
 Spider Form              Tmut/Pois      3%         N/A       52%         3
 Vampiric Draining        Necr           3%         2d6       52%         3
 Anguish                  Hex/Necr       2%         N/A       82%         4
 Agony                    Necr           3%         N/A       99%         5
 Summon Small Mammal      Summ           Unusable   N/A       N/A         1

Dungeon Overview and Level Annotations

Branches:
Dungeon (7/15)             Temple (1/1) D:6

Altars:
Ashenzari
Dithmenos
Elyvilon
Fedhas
Gozag
Hepliaklqana
Kikubaaqudgha
Makhleb
Nemelex Xobeh
Okawaru
Ru
Sif Muna
Trog
Uskayaw
Vehumet
Wu Jian
Xom
Zin
The Shining One


Innate Abilities, Weirdness & Mutations

((You are very nimble when in or above water. (Stealth+, EV+, Speed+++)))
Your lower body shifts to a powerful aquatic tail in water.


Message History

You destroy the wight!
Okawaru accepts your kill.
Things that are here:
a +4 battleaxe; a +0 robe A centaur comes into view.
The centaur shouts!
The centaur wields a +0 shortbow.
The centaur shoots an arrow.
The arrow hits you!
A wight comes into view. It is wielding a +5 scimitar.
A wight comes into view. It is wielding a +4 battleaxe.
The centaur shoots an arrow.
The arrow misses you.
The centaur shoots an arrow.
The arrow completely misses you.
The centaur shoots an arrow.
The arrow hits you.
The centaur shoots an arrow.
The arrow hits you but does no damage.
Things that are here:
a +4 battleaxe; a +0 robe You start resting.
A wight is nearby!
You slash the wight!
The wight is heavily damaged.
The wight hits you but does no damage. x2
You barely miss the wight.
The wight is heavily damaged.
The wight hits you with a +5 scimitar! The wight barely misses you.
You hit the wight.
The wight is almost destroyed.
The wight closely misses you. The wight hits you with a +4 battleaxe!
You slash the wight!
You destroy the wight!
Okawaru accepts your kill.
The centaur shoots an arrow.
The arrow hits you!
* * * LOW HITPOINT WARNING * * *
The wight barely misses you.
You slice the centaur!!
You kill the centaur!
Okawaru accepts your kill. The wight misses you.
The wight hits you with a +4 battleaxe!
* * * LOW HITPOINT WARNING * * *
You feel drained.
You die...

..............#
..............#
...........#
......zz...#
###+##.....#
#.....# #.....#
######.....#
#...@).....#
#....z.....#
#..........#
#..........#
+..........#
#...######....
#...# ....
#...# ... #...#
..


You could see a wight.

Vanquished Creatures
  2 water moccasins (D:6)
  An orc warrior (D:6)
  A black bear (D:7)
  An ice beast (D:7)
  5 ogres
  A sky beast (D:6)
  A centaur (D:10)
  A kobold brigand (D:6)
  A phantom (D:7)
  2 bullfrogs
  2 necrophages (D:6)
  2 wights (D:10)
  5 hounds
  Jessica (D:3)
  7 iguanas
  An orc wizard (D:5)
  10 adders
  A shadow imp (D:5)
  A white imp (D:6)
  An ufetubus (D:4)
  2 worms (D:2)
  3 dart slugs
  8 orcs
  4 ball pythons
  7 bats
  3 endoplasms
  2 giant cockroaches
  4 goblins
  5 hobgoblins
  5 jackals
  9 kobolds
  A quokka (D:4)
  5 frilled lizards
  6 rats
111 creatures vanquished.

Notes
Turn   | Place    | Note
-------+----------+-------------------------------------------
     0 | D:1      | NotreDorf the Merfolk Reaver began the quest for the Orb.
     0 | D:1      | Reached XP level 1. HP: 16/16 MP: 3/3
   180 | D:1      | Reached XP level 2. HP: 20/23 MP: 5/5
   655 | D:1      | Reached XP level 3. HP: 27/28 MP: 6/6
  1035 | D:2      | Reached XP level 4. HP: 34/34 MP: 7/7
  1573 | D:3      | Found a shimmering altar of Xom.
  1702 | D:3      | Found a hide-covered altar of Uskayaw.
  1766 | D:3      | Reached skill level 5 in Polearms
  1887 | D:3      | Noticed Jessica
  1892 | D:3      | Killed Jessica
  1893 | D:3      | Reached XP level 5. HP: 41/41 MP: 9/9
  1998 | D:3      | Found an iron altar of Okawaru.
  2008 | D:3      | Learned a level 2 spell: Blink
  2009 | D:3      | Became a worshipper of Warmaster Okawaru
  2335 | D:4      | Found a broken altar of Ashenzari.
  2391 | D:4      | Noticed an ogre
  2408 | D:4      | Killed an ogre
  2409 | D:4      | Reached XP level 6. HP: 48/48 MP: 10/10
  2886 | D:5      | Entered Level 5 of the Dungeon
  2908 | D:5      | Reached skill level 6 in Polearms
  2908 | D:5      | Reached skill level 5 in Dodging
  2953 | D:5      | Reached * piety under Okawaru
  2954 | D:5      | Reached XP level 7. HP: 26/55 MP: 12/12
  3555 | D:5      | Reached skill level 5 in Fighting
  3653 | D:5      | Reached skill level 7 in Polearms
  3653 | D:5      | Reached XP level 8. HP: 38/62 MP: 14/14
  4091 | D:6      | Reached ** piety under Okawaru
  4262 | D:6      | Learned a level 3 spell: Hailstorm
  4465 | D:6      | Reached skill level 1 in Ice Magic
  4465 | D:6      | Reached skill level 1 in Invocations
  4476 | D:6      | Reached skill level 5 in Spellcasting
  4652 | D:6      | Found a glowing silver altar of Zin.
  4655 | D:6      | Found a blossoming altar of Fedhas.
  4656 | D:6      | Found a hazy altar of Hepliaklqana.
  4657 | D:6      | Found a sparkling altar of Nemelex Xobeh.
  4658 | D:6      | Found a sacrificial altar of Ru.
  4804 | D:6      | Found a staircase to the Ecumenical Temple.
  4821 | Temple   | Entered the Ecumenical Temple
  4966 | D:6      | Found a glowing golden altar of the Shining One.
  5113 | D:6      | Learned a level 2 spell: Ensorcelled Hibernation
  5216 | D:6      | Reached *** piety under Okawaru
  5217 | D:6      | Reached skill level 8 in Polearms
  5686 | D:7      | Reached XP level 9. HP: 62/69 MP: 16/16
  5687 | D:7      | Reached skill level 1 in Hexes
  5740 | D:7      | Found a shimmering blue altar of Sif Muna.
  5925 | D:7      | You fall into a shaft and drop 3 floors!
  5925 | D:10     | Entered Level 10 of the Dungeon
  5971 | D:10     | Slain by a wight

Illustrated notes

Levels and vault maps discovered:
D:1:      lemuel_arrival_behind_the_door_large, layout_loops_ring,
          chequers_serial_rivers_micro_b
D:2:      layout_basic
D:3:      layout_loops_cross, mainiacjoe_overflow_chevrons,
          mainiacjoe_overflow_surrounded_room, mainiacjoe_overflow_alcove_4,
          serial_park_tiny_1, hangedman_decor_push, hex_large, uniq_jessica
D:4:      layout_loops_cross, mainiacjoe_overflow_small_starburst,
          chequers_serial_rivers_small_b
D:5:      layout_loops_ring, corner_web_ring
D:6:      layout_loops_cross, kennysheep_mini, grunt_temple_overflow_open,
          minmay_temple_entry_gardened_gates
D:7:      minmay_chambers_of_fours, layout_loops_ring,
          nicolae_sif_muna_condensation, serial_rivers,
          chequers_serial_rivers_marsh, chequers_serial_rivers_large_b,
          chequers_serial_rivers_micro_d, chequers_serial_rivers_small_a,
          chequers_serial_rivers_small_3
D:10:     layout_irregular_city, dpeg_oklobed_lair, ebering_ghost_disaster_area
Temple:   hellmonk_temple_of_storms

Skill      XL: |  1  2  3  4  5  6  7  8  9 |
---------------+----------------------------+-----
Dodging        | 3 4 5 6 7 |  7.6
Fighting       | 3 4 5 6 |  6.3
Polearms       | 5 6 7 8 |  8.4
Spellcasting   | 3 4 5 |  5.4
Ice Magic      | 2 |  2.6
Invocations    | 2 |  2.7
Hexes          | 1 |  1.6
Conjurations   | |  2.4

Action                     |  1- 3 |  4- 6 |  7- 9 || total
---------------------------+-------+-------+-------++-------
  Melee: Spear             |   126 |   145 |   177 ||   448
         Punch             |       |     1 |     1 ||     2
         Glaive            |       |       |    57 ||    57
         Tailslap          |       |       |     1 ||     1
  Throw: Dart              |       |     3 |       ||     3
 Invoke: Heroism           |       |       |     1 ||     1
    Use: Scroll            |       |       |    15 ||    15
         Potion            |       |       |     4 ||     4
   Stab: Sleeping          |     2 |       |     1 ||     3
 Armour: Leather armour    |    18 |    33 |    44 ||    95
  Dodge: Dodged            |    68 |    53 |   107 ||   228

Table legend: (Time is in decaauts)
 A = Elapsed time spent in this place.
 B = Non-inter-level travel time spent in this place.
 C = Inter-level travel time spent in this place.
 D = Time resting spent in this place.
 E = Time spent auto-exploring this place.
 F = Levels seen in this place.
 G = Mean time per level.
                   A        B        C        D        E       F      G
               +--------+--------+--------+--------+--------+-----+--------+
         Total |   5880 |   5737 |    143 |     13 |   4585 |   9 |  653.3 |
       Dungeon |   5784 |   5641 |    143 |     12 |   4585 |   8 |  723.0 |
        Temple |     95 |     95 |      0 |      1 |      0 |   1 |   95.0 |
               +--------+--------+--------+--------+--------+-----+--------+

Top non-repeatable levels by time:
     D:6: 1368 daAuts
     D:5: 1129 daAuts
     D:4: 779 daAuts
     D:1: 736 daAuts
     D:3: 714 daAuts
     D:2: 620 daAuts
     D:7: 388 daAuts
  Temple: 95 daAuts
    D:10: 47 daAuts
